AoeStats
← Hunting_Jack090

Arabia

509669326Analyzed
1v1 RM · 6d ago on Sep 27, 2026· 30m 4s· 2 players
Game mode
Random Map
Map size
Tiny (2 player)
Population
200
Speed
Normal
Resources
Standard
Victory
Conquest
Starting age
Dark Age
Ending age
Imperial Age
RankedLock teamsTeams togetherTeam positionsShared explorationLock speedFull tech treeHidden civsTurbo modeCheats
Victory
Defeat
🇩🇪 Chinese · Germany
839
+17
🇲🇽 Aztecs · Mexico
851
-17
Hunting_Jack090
0:38 Loom
9:17 Feudal Age
9:59 Double-Bit Axe
12:33 Fletching
13:47 Padded Archer Armor
20:19 Scale Barding Armor
26:50 Castle Age
27:52 Wheelbarrow
27:03 Town Watch
27:55 Wheelbarrow
29:15 Bodkin Arrow
29:44 Chain Barding Armor
28:48 Crossbowman
cheezball97
10:12 Feudal Age
8:53 Loom
10:30 Man-at-Arms
12:44 Town Watch
15:23 Fletching
16:33 Forging
17:07 Padded Archer Armor
18:21 Scale Mail Armor
20:27 Wheelbarrow
25:36 Castle Age
24:17 Gold Mining
24:22 Double-Bit Axe
Connection lost

Rejoining the realm…

Still unreachable

The connection could not be restored.

Session expired

The server has moved on; the page needs a fresh start.